 Dungeon Crawl Stone Soup version 0.30.0-29-ga12c61a403 (webtiles) character file.

Game seed: 13236743535398501546

2 Elmgren the Shooter (level 1, -1/10 HPs)
             Began as a Spriggan Hunter on June 21, 2023.
             Slain by a jackal (3 damage)
             ... on level 1 of the Dungeon.
             The game lasted 00:00:19 (56 turns).

Elmgren the Shooter (Spriggan Hunter)                 Turns: 56, Time: 00:00:19

Health: -1/10      AC:  2    Str:  7    XL:     1   Next: 33%
Magic:  2/2        EV: 17    Int: 10    God:
Gold:   0          SH:  0    Dex: 18    Spells: 0/0 levels left

rFire   . . .        a - +0 shortbow
rCold   . . .        (shield currently unavailable)
rNeg    . . .        c - +0 robe
rPois   .            (helmet restricted)
rElec   .            (no cloak)
rCorr   .            (gloves unavailable)
SInv    +            (boots unavailable)
Will    .....        (no amulet)
Stlth   +            (no ring)
HPRegen 0.21/turn    (no ring)
MPRegen 0.08/turn

%: no passive effects
@: slow
A: very small, no large weapons, unfitting armour, see invisible, speed 3
a: no special abilities


You were on level 1 of the Dungeon.
You visited 1 branch of the dungeon, and saw 1 of its levels.

Inventory:

Hand Weapons
 a - a +0 shortbow (weapon)
Armour
 c - a +0 robe (worn)
Scrolls
 b - a scroll of immolation {!r}
Potions
 d - a potion of curing {unknown}


   Skills:
 - Level 1.5 Fighting
 + Level 4.1 Ranged Weapons
 - Level 2.6 Dodging
 - Level 1.5 Stealth


You couldn't memorise any spells.
You didn't know any spells.
Your spell library was empty.

Dungeon Overview and Level Annotations

Branches:
Dungeon (1/15)

Altars:


Innate Abilities, Weirdness & Mutations

You are very small and have problems with some larger weapons.
You are too small for most types of armour.
You have supernaturally acute eyesight. (SInv)
You cover ground extremely quickly. (Speed+++)


Message History

Options error: Missing colour in message_colour setting: 'before it is too late' Options error: Missing colour in message_colour setting: 'Shift\-Dir \- straight line' Options error: Missing colour in message_colour setting: 'f \- you' Welcome, Elmgren the Spriggan Hunter.
If you return without finding the Orb of Zot, so far below, it's all over!
Found a bubbling amethyst potion.
Found a staircase leading out of the dungeon.
No target in view!
d - a bubbling amethyst potion No target in view!
There is a staircase leading out of the dungeon here.
You enter the shallow water.
Moving in this stuff is going to be slow.
Found an escape hatch in the floor.
No target in view!
You open the door.
There is an open door here. 2 jackals come into view.
You shoot an arrow. The arrow hits the jackal.
You hear a bark! x2; The jackal barks!
A jackal comes into view. x2
There are monsters nearby!
You shoot an arrow. The arrow barely misses the jackal.
The jackal barks!
A goblin comes into view. It is wielding a +0 dagger.
The jackal bites you.
The jackal moves out of view.
There are monsters nearby!
You take 1 damage, and have 9/10 hp.
There is an open door here.
You enter the shallow water.
Moving in this stuff is going to be slow.
The jackal closely misses you. The jackal misses you.
Health restored: 10 You enter the shallow water.
Moving in this stuff is going to be slow.
The jackal bites you but does no damage.
The jackal attacks as you move away! The jackal bites you.
You take 3 damage, and have 7/10 hp.
MASSIVE DAMAGE!!
Why would you want to do that? Why would you want to do that?
Fire: a) +0 shortbow
Aim: a jackal (56% to hit)
You shoot an arrow. The arrow barely misses the jackal.
Fire: a) +0 shortbow
Aim: a jackal (56% to hit)
You shoot an arrow. The arrow hits the jackal.
The jackal splashes around in the water.
Fire: a) +0 shortbow
Aim: a jackal (severely wounded, 56% to hit)
You shoot an arrow. The arrow hits the jackal.
You kill the jackal!
Health restored: 10 The jackal attacks as you move away!
The jackal closely misses you. The jackal attacks as you move away!
The jackal splashes around in the water.
The jackal closely misses you. The jackal barely misses you.
You enter the shallow water.
Moving in this stuff is going to be slow.
The jackal attacks as you move away! The jackal completely misses you.
The jackal attacks as you move away! The jackal barely misses you.
The jackal bites you.
The jackal bites you but does no damage.
You take 2 damage, and have 8/10 hp.
You shoot an arrow. The arrow misses the jackal.
The jackal bites you. The jackal completely misses you.
The jackal bites you. x2
The jackal barely misses you.
You take 4 damage, and have 4/10 hp.
MASSIVE DAMAGE!!
You shoot an arrow. The arrow hits the jackal!
You kill the jackal!
The jackal bites you.
* * * LOW HITPOINT WARNING * * *
The jackal bites you.
* * * LOW HITPOINT WARNING * * *
The jackal bites you but does no damage.
The jackal bites you.
* * * LOW HITPOINT WARNING * * *
There are monsters nearby!
You are too injured to fight recklessly!
There are monsters nearby!
You take 3 damage, and have 1/10 hp.
MASSIVE DAMAGE!!
The jackal attacks as you move away! The jackal closely misses you.
The goblin misses you. The jackal attacks as you move away!
The jackal bites you.
You die...

#≈≈≈~~≈~≈~~≈≈≈#
#≈≈≈≈~≈~≈~≈~≈≈#
#≈≈≈≈~~~~~≈≈≈≈#
#≈≈≈≈≈~~~~≈≈≈≈#
#≈≈≈≈~~~~~~≈≈≈#
#≈~≈~~...~~~≈≈#
#≈≈~~..<..~~~≈#
#≈≈≈~~g..~~~~≈#
#≈≈≈~@h~~~~≈≈≈#
#≈≈≈≈~h≈~~≈≈≈≈#
#≈≈≈≈≈≈≈≈~≈≈≈≈#
#≈≈≈≈≈≈≈≈≈≈≈≈≈#
###############


You could see 2 jackals and a goblin.

Vanquished Creatures
  2 jackals (D:1)
2 creatures vanquished.

Notes
Turn   | Place    | Note
-------+----------+-------------------------------------------
     0 | D:1      | Elmgren the Spriggan Hunter began the quest for the Orb.
     0 | D:1      | Reached XP level 1. HP: 10/10 MP: 2/2
    52 | D:1      | HP: 5/10 [jackal (1)]
    53 | D:1      | HP: 2/10 [jackal (1)]
    56 | D:1      | Slain by a jackal

Illustrated notes

Levels and vault maps discovered:
D:1:      zaba_arrival_water, layout_loops_ring, minmay_small_reverse_x

Action                     || total
---------------------------++-------
   Fire: Shortbow          ||     7
 Armour: Robe              ||     3
  Dodge: Dodged            ||    11

Levels and vault maps discovered:
D:1:      zaba_arrival_water, layout_loops_ring, minmay_small_reverse_x

Table legend: (Time is in decaauts)
 A = Elapsed time spent in this place.
 B = Non-inter-level travel time spent in this place.
 C = Inter-level travel time spent in this place.
 D = Time resting spent in this place.
 E = Time spent auto-exploring this place.
 F = Levels seen in this place.
 G = Mean time per level.
                   A        B        C        D        E       F      G
               +--------+--------+--------+--------+--------+-----+--------+
         Total |     57 |     57 |      0 |      0 |     19 |   1 |   57.0 |
       Dungeon |     57 |     57 |      0 |      0 |     19 |   1 |   57.0 |
               +--------+--------+--------+--------+--------+-----+--------+

Top non-repeatable levels by time:
     D:1: 57 daAuts

Table legend:
 A = Kills in this place as a percentage of kills in the entire game.
 B = Kills by you in this place as a percentage of kills by you in the entire game.
 C = Kills by friends in this place as a percentage of kills by friends in the entire game.
 D = Other kills in this place as a percentage of other kills in the entire game.
 E = Experience gained in this place as a percentage of experience gained in the entire game.
 F = Experience gained in this place divided by the number of levels of this place that you have seen.
                   A       B       C       D       E      F
               +-------+-------+-------+-------+-------+----------------------
         Total | 100.0 | 100.0 |   N/A |   N/A | 100.0 |   4.0
       Dungeon | 100.0 | 100.0 |   N/A |   N/A | 100.0 |   4.0
               +-------+-------+-------+-------+-------+----------------------
